 Dungeon Crawl Stone Soup version 0.30-a0-924-g0ad0bf95bc (webtiles) character file.

Game seed: 10872259161602785355

639 billz999 the Skirmisher (level 7, -2/56 HPs)
             Began as a Gnoll Hunter on Mar 22, 2023.
             Slain by a steam dragon (3 damage)
             ... on level 4 of the Dungeon.
             The game lasted 00:06:35 (2744 turns).

billz999 the Skirmisher (Gnoll Hunter)              Turns: 2744, Time: 00:06:36

Health: -2/56      AC:  7    Str: 13    XL:     7   Next: 50%
Magic:  10/10      EV: 12    Int: 16    God:
Gold:   207        SH:  0    Dex: 15    Spells: 8/11 levels left

rFire   . . .      SeeInvis .    b - +3 quarterstaff (chaos)
rCold   . . .      Faith    .    (shield currently unavailable)
rNeg    . . .      Spirit   .    C - +0 ring mail "Dyokhocw" {Str+2}
rPois   .          Reflect  .    t - +0 helmet
rElec   .          Rampage  .    u - +0 cloak
rCorr   .                        (no gloves)
Will    .....                    (no boots)
Stlth   ++                       (no amulet)
HPRegen 0.29/turn                n - +6 ring of intelligence
MPRegen 0.12/turn                e - ring of wizardry

@: no status effects
A: fangs 1, strong nose, distributed training
a: no special abilities


You were on level 4 of the Dungeon.
You visited 1 branch of the dungeon, and saw 4 of its levels.

You collected 207 gold pieces.

Inventory:

Hand Weapons
 a - a +0 shortbow
 b - a +3 quarterstaff of chaos (weapon)
 i - a +0 dagger
Missiles
 l - 3 throwing nets
 z - 2 atropa-tipped darts
Armour
 c - a +0 leather armour
 t - a +0 helmet (worn)
 u - a +0 cloak (worn)
 C - the +0 ring mail "Dyokhocw" (worn) {Str+2}
   (You found it on level 3 of the Dungeon)

   Str:       It affects your strength (+2).
Jewellery
 e - a ring of wizardry (right hand)
 m - a ring of positive energy
 n - a +6 ring of intelligence (left hand)
Wands
 F - a wand of flame (12)
 G - a wand of digging (6)
Scrolls
 d - a scroll of fear {unknown}
 f - a scroll of enchant armour {unknown}
 h - 2 scrolls of teleportation {unknown}
 k - a scroll of silence {unknown}
 o - 2 scrolls of magic mapping {unknown}
 p - 3 scrolls of poison {unknown}
 q - a scroll of amnesia {unknown}
 r - a scroll of fog {unknown}
 v - a scroll of immolation
 x - 2 scrolls of enchant weapon {unknown}
 y - a scroll of butterflies {unknown}
 B - 2 scrolls of identify {unknown}
 D - a scroll of vulnerability {unknown}
Potions
 g - 2 potions of magic {unknown}
 j - 2 potions of heal wounds {unknown}
 s - 3 potions of curing {unknown}
 w - 2 potions of flight {unknown}
 A - a potion of invisibility {unknown}
 E - a potion of berserk rage {unknown}
 H - a potion of ambrosia {unknown}


   Skills:
 + Level 5.3 Fighting
 + Level 2.6 Short Blades
 + Level 2.6 Long Blades
 + Level 2.6 Axes
 + Level 2.6 Maces & Flails
 + Level 2.6 Polearms
 + Level 2.6 Staves
 + Level 9.0 Ranged Weapons
 + Level 2.6 Throwing
 + Level 2.6 Armour
 + Level 5.3 Dodging
 + Level 3.6 Stealth
 + Level 2.6 Shields
 + Level 2.6 Unarmed Combat
 + Level 2.6 Spellcasting
 + Level 2.1 Conjurations
 + Level 2.1 Hexes
 + Level 2.1 Summonings
 + Level 2.1 Necromancy
 + Level 2.1 Translocations
 + Level 2.1 Transmutations
 + Level 2.1 Fire Magic
 + Level 2.1 Ice Magic
 + Level 2.1 Air Magic
 + Level 2.1 Earth Magic
 + Level 2.1 Poison Magic
 + Level 2.9 Invocations
 + Level 2.6 Evocations


You had 8 spell levels left.
You knew the following spells:

 Your Spells              Type           Power      Damage    Failure   Level
a - Tukima's Dance        Hex            9%         N/A       21%         3

Your spell library contained the following spells:

 Spells                   Type           Power      Damage    Failure   Level
 Passage of Golubria      Tloc           9%         N/A       52%         4
 Yara's Violent Unravell  Hex/Tmut       4%         3d4       86%         5


Dungeon Overview and Level Annotations

Branches:
Dungeon (4/15)
 Temple: D:4-7

Altars:
Elyvilon


Innate Abilities, Weirdness & Mutations

You have very sharp teeth.
Your uncanny sense of smell can sniff out nearby items.
Your experience applies equally to all skills.


Message History

The steam dragon bites you.
The steam dragon claws you but does no damage.
You closely miss the steam dragon.
The steam dragon is moderately wounded.
The steam dragon closely misses you.
The steam dragon claws you but does no damage.
The steam dragon barely misses you.
The steam dragon claws you but does no damage.
You hit the steam dragon. You burn the steam dragon.
The steam dragon is heavily wounded.
The steam dragon misses you. The steam dragon completely misses you.
You hit the steam dragon but do no damage.
The steam dragon seems to grow stronger.
The steam dragon is heavily wounded.
The steam dragon closely misses you.
The steam dragon claws you but does no damage.
You hit the steam dragon.
The steam dragon is severely wounded.
The steam dragon bites you! The steam dragon completely misses you.
You barely miss the steam dragon.
You bite the steam dragon, but do no damage.
The steam dragon is severely wounded.
The steam dragon closely misses you. The steam dragon claws you.
You hit the steam dragon.
The steam dragon is severely wounded.
The steam dragon breathes steam at you. The ball of steam hits you!
* * * LOW HITPOINT WARNING * * *
You hear an angry hiss.
You hear a shout! x2
You closely miss the steam dragon.
The steam dragon is severely wounded.
You are engulfed in a cloud of scalding steam.
* * * LOW HITPOINT WARNING * * *
The steam dragon bites you.
* * * LOW HITPOINT WARNING * * *
The steam dragon claws you.
* * * LOW HITPOINT WARNING * * *
The steam dragon bites you but does no damage.
The steam dragon claws you.
You die...

#.## #.# #..# ##.##
##.# #...###
###.######.....##
##................
##..############.#.
#....#### #.#.
##.#†.$$.# #.#.
#..@.###.# #.#.
#.#D..# ########.#.
#.(##.# ...........
##. .# ########.##
#. .# #.# .. #. #.#
.. . ∆ #.## #..
#... ####


You could see a steam dragon (strong, catching breath).

Vanquished Creatures
  Eustachio (D:4)
  3 scorpions (D:4)
  An orc priest (D:4)
  A hound (D:4)
  Crazy Yiuf (D:2)
  Jessica (D:2)
  An orc wizard (D:4)
  Robin (D:4)
  7 adders
  2 worms
  2 dart slugs (D:1)
  3 orcs (D:4)
  7 ball pythons
  5 bats (D:1)
  6 endoplasms
  4 giant cockroaches
  11 goblins
  9 hobgoblins
  9 jackals
  4 quokkas
  2 frilled lizards
  7 kobolds
  10 rats
98 creatures vanquished.

Vanquished Creatures (others)
  2 dancing weapons
2 creatures vanquished.

Grand Total: 100 creatures vanquished

Notes
Turn   | Place    | Note
-------+----------+-------------------------------------------
     0 | D:1      | billz999 the Gnoll Hunter began the quest for the Orb.
     0 | D:1      | Reached XP level 1. HP: 20/20 MP: 1/1
    22 | D:1      | Reached XP level 2. HP: 23/26 MP: 2/2
   129 | D:1      | You fall into a shaft and drop 1 floor!
   231 | D:2      | Reached XP level 3. HP: 31/31 MP: 3/3
   351 | D:1      | Reached skill level 1 in Invocations
   490 | D:1      | Reached skill level 1 in Short Blades
   490 | D:1      | Reached skill level 1 in Long Blades
   490 | D:1      | Reached skill level 1 in Axes
   490 | D:1      | Reached skill level 1 in Maces & Flails
   490 | D:1      | Reached skill level 1 in Polearms
   490 | D:1      | Reached skill level 1 in Staves
   490 | D:1      | Reached skill level 1 in Throwing
   490 | D:1      | Reached skill level 1 in Armour
   490 | D:1      | Reached skill level 1 in Shields
   490 | D:1      | Reached skill level 1 in Unarmed Combat
   490 | D:1      | Reached skill level 1 in Spellcasting
   490 | D:1      | Reached skill level 1 in Evocations
   856 | D:1      | Reached XP level 4. HP: 38/38 MP: 5/5
  1129 | D:2      | Noticed Jessica
  1132 | D:2      | Killed Jessica
  1133 | D:2      | Reached skill level 1 in Conjurations
  1133 | D:2      | Reached skill level 1 in Hexes
  1133 | D:2      | Reached skill level 1 in Summonings
  1133 | D:2      | Reached skill level 1 in Necromancy
  1133 | D:2      | Reached skill level 1 in Translocations
  1133 | D:2      | Reached skill level 1 in Transmutations
  1133 | D:2      | Reached skill level 1 in Fire Magic
  1133 | D:2      | Reached skill level 1 in Ice Magic
  1133 | D:2      | Reached skill level 1 in Air Magic
  1133 | D:2      | Reached skill level 1 in Earth Magic
  1133 | D:2      | Reached skill level 1 in Poison Magic
  1144 | D:2      | Learned a level 3 spell: Tukima's Dance
  1342 | D:2      | Found a runed translucent door.
  1343 | D:2      | Noticed Crazy Yiuf
  1445 | D:2      | Killed Crazy Yiuf
  1446 | D:2      | Reached XP level 5. HP: 40/43 MP: 2/7
  1751 | D:3      | Identified the +0 ring mail "Dyokhocw" {Str+2}
  1790 | D:3      | Found a faded altar of an unknown god.
  1839 | D:3      | Prayed at the altar of an unknown god.
  1839 | D:3      | Became a worshipper of Elyvilon the Healer
  1839 | D:3      | Reached * piety under Elyvilon
  1999 | D:3      | Fell from the grace of Elyvilon
  2138 | D:4      | Noticed Robin
  2141 | D:4      | Killed Robin
  2180 | D:4      | Reached XP level 6. HP: 50/50 MP: 8/8
  2255 | D:4      | Reached skill level 5 in Fighting
  2255 | D:4      | Reached skill level 5 in Dodging
  2382 | D:4      | Noticed Eustachio
  2402 | D:4      | Killed Eustachio
  2403 | D:4      | Reached XP level 7. HP: 55/56 MP: 8/10
  2729 | D:4      | Noticed a steam dragon
  2735 | D:4      | Reached skill level 9 in Ranged Weapons
  2744 | D:4      | HP: 1/56 [steam dragon (2)]
  2744 | D:4      | Slain by a steam dragon

Illustrated notes

Levels and vault maps discovered:
D:1:      dpeg_arrival_leaves_temple_mockup, layout_loops_ring
D:2:      layout_basic, minmay_liquid_box, uniq_crazy_yiuf_cottage, uniq_jessica
D:3:      layout_rooms, hellmonk_ecumenical_altar_heavens_door
D:4:      layout_loops_ring, minmay_manual_macuahuitl, uniq_eustachio,
          uniq_robin

Skill      XL: |  1  2  3  4  5  6  7 |
---------------+----------------------+-----
Invocations    | 1 2 |  2.9
Short Blades   | 1 2 |  2.6
Long Blades    | 1 2 |  2.6
Axes           | 1 2 |  2.6
Maces & Flails | 1 2 |  2.6
Polearms       | 1 2 |  2.6
Staves         | 1 2 |  2.6
Throwing       | 1 2 |  2.6
Armour         | 1 2 |  2.6
Shields        | 1 2 |  2.6
Unarmed Combat | 1 2 |  2.6
Spellcasting   | 1 2 |  2.6
Evocations     | 1 2 |  2.6
Conjurations   | 1 2 |  2.1
Hexes          | 1 2 |  2.1
Summonings     | 1 2 |  2.1
Necromancy     | 1 2 |  2.1
Translocations | 1 2 |  2.1
Transmutations | 1 2 |  2.1
Fire Magic     | 1 2 |  2.1
Ice Magic      | 1 2 |  2.1
Air Magic      | 1 2 |  2.1
Earth Magic    | 1 2 |  2.1
Poison Magic   | 1 2 |  2.1
Stealth        | 3 |  3.6
Fighting       | 5 |  5.3
Dodging        | 5 |  5.3
Ranged Weapons | 9 |  9.0

Action                     |  1- 3 |  4- 6 |  7- 9 || total
---------------------------+-------+-------+-------++-------
  Melee: Quarterstaff      |       |    61 |    42 ||   103
         Bite              |       |     5 |     7 ||    12
   Fire: Shortbow          |   104 |    65 |       ||   169
   Cast: Tukima's Dance    |       |     3 |       ||     3
 Invoke: Renounce Religion |       |     1 |       ||     1
   Stab: Confused          |       |       |     1 ||     1
         Sleeping          |       |       |     1 ||     1
 Armour: Leather armour    |     5 |     5 |       ||    10
         Ring mail         |       |    19 |    19 ||    38
  Dodge: Dodged            |    16 |    53 |    28 ||    97

Table legend: (Time is in decaauts)
 A = Elapsed time spent in this place.
 B = Non-inter-level travel time spent in this place.
 C = Inter-level travel time spent in this place.
 D = Time resting spent in this place.
 E = Time spent auto-exploring this place.
 F = Levels seen in this place.
 G = Mean time per level.
                   A        B        C        D        E       F      G
               +--------+--------+--------+--------+--------+-----+--------+
         Total |   2777 |   2679 |     98 |      0 |   2085 |   4 |  694.2 |
       Dungeon |   2777 |   2679 |     98 |      0 |   2085 |   4 |  694.2 |
               +--------+--------+--------+--------+--------+-----+--------+

Top non-repeatable levels by time:
     D:1: 820 daAuts
     D:2: 707 daAuts
     D:4: 639 daAuts
     D:3: 610 daAuts
